 Dungeon Crawl Stone Soup version 0.26.0-9-gab577f9fc5 (webtiles) character file.

Game seed: 2367139625789525727

34 EnegeticOcto the Sneak (level 3, -5/33 HPs)
             Began as a Deep Dwarf Delver on Jan 13, 2021.
             Slain by a starcursed mass (12 damage)
             ... on level 1 of the Abyss.
             The game lasted 00:01:25 (167 turns).

EnegeticOcto the Sneak (Deep Dwarf Delver)           Turns: 167, Time: 00:01:25

Health: -5/33      AC:  3    Str: 16    XL:     3   Next: 14%
Magic:  1/1        EV: 12    Int: 10    God:
Gold:   10         SH:  0    Dex: 14    Spells: 2/2 levels left

rFire    . . .     SeeInvis .   a - +0 hand axe
rCold    . . .     Faith    .   (no shield)
rNeg     . . .     Spirit   .   b - +0 leather armour
rPois    .         Reflect  .   (no helmet)
rElec    .         Harm     .   (no cloak)
rCorr    .         Rampage  .   (no gloves)
Will     .....                  (no boots)
Stlth    +++.......             (no amulet)
HPRegen  0.00/turn              (no ring)
MPRegen  0.07/turn              (no ring)

@: non-regenerating
A: damage resistance, heal wounds, sense surroundings 1, no regeneration
a: Heal Wounds


You were on level 1 of the Abyss.
You visited 1 branch of the dungeon, and saw 2 of its levels.
You visited the Abyss 1 time.

You collected 10 gold pieces.

Inventory:

Hand Weapons
 a - a +0 hand axe (weapon)
Armour
 b - a +0 leather armour (worn)
Wands
 g - a wand of digging (3) {@v3}
 h - a wand of paralysis (9)
   (You found it on level 5 of the Dungeon)
Scrolls
 c - a scroll of fog {!r}
 d - a scroll of magic mapping {@r5 !r}
 e - a scroll of fear {!r}
 i - a scroll of remove curse {unknown}
Potions
 f - 2 potions of haste {@q4 !q}


   Skills:
 - Level 2.6 Fighting
 + Level 4.0 Axes
 - Level 2.1 Dodging
 - Level 6.0 Stealth


You had 2 spell levels left.
You didn't know any spells.
Your spell library was empty.

Dungeon Overview and Level Annotations

Branches:
Dungeon (6/15)
 Temple: D:4-7

Altars:


Innate Abilities, Weirdness & Mutations

You are resistant to damage.
You can heal yourself by infusing magical energy.
You passively map a small area around you.
You do not regenerate.


Message History

You kill the orc!
Something hits you. Space warps horribly around you.
Items here: )) [ †.
You slash something!
You hear some strange, mumbled words.
You are confused.
You completely miss something. Something hits you but does no damage.
You blink.
You hear some strange, mumbled words.
Something tries to affect you, but you resist.
Something hits you.
You are cast into the Abyss!
To return, you must find a gate leading back.
Killing monsters will force the Abyss to allow you passage.
This branch contains the abyssal rune of Zot.
Reactivating autopickup.
Found a corrupted altar of Lugonu.
You feel less confused.
Found a scroll labelled BOMYAQ MION ZIRU.
Found a scroll labelled SEIKIY QOXTAEGRO.
j - a scroll labelled BOMYAQ MION ZIRU
k - a scroll labelled SEIKIY QOXTAEGRO
As you read the scroll labelled BOMYAQ MION ZIRU, it crumbles to dust.
You feel strangely unstable.
You feel the power of the Abyss delaying your translocation!
It was a scroll of teleportation.
As you read the scroll labelled SEIKIY QOXTAEGRO, it crumbles to dust.
It is a scroll of amnesia.
You feel forgetful for a moment.
Found a gateway leading deeper into the Abyss.
You are suddenly pulled into a different region of the Abyss!
A starcursed mass comes into view.
The starcursed mass shrieks in your mind.
The starcursed mass shrieks in your mind.
You hit the starcursed mass.
The starcursed mass is lightly damaged.
A starcursed mass splits.
You feel much better. The starcursed mass engulfs you.
A starcursed mass splits.
You hit the starcursed mass but do no damage.
A chorus of shrieks assaults your mind.
A starcursed mass splits.
You hit the starcursed mass.
The starcursed mass is lightly damaged.
You hit the starcursed mass but do no damage.
The starcursed mass shudders and is absorbed by its neighbour.
A chorus of shrieks assaults your mind.
You hit the starcursed mass but do no damage. x2
A starcursed mass splits.
The starcursed mass barely misses you.
You hit the starcursed mass but do no damage. x2
You hit the starcursed mass.
You hit the starcursed mass but do no damage.
The starcursed mass shudders and is absorbed by its neighbour.
The starcursed mass engulfs you! A chorus of shrieks assaults your mind.
* * * LOW HITPOINT WARNING * * *
The starcursed mass engulfs you.
You feel much better.
A starcursed mass splits.
The starcursed mass engulfs you.
A starcursed mass splits.
A deafening chorus of shrieks assaults your mind!
You hit the starcursed mass.
The starcursed mass is lightly damaged.
You hit the starcursed mass.
You hit the starcursed mass but do no damage. x2
The starcursed mass shudders and is absorbed by its neighbour. x2
The starcursed mass misses you. The starcursed mass engulfs you!
A starcursed mass splits.
Your magical essence is drained by the effort!
You feel much better.
A starcursed mass splits.
A deafening chorus of shrieks assaults your mind!
You suddenly lose the ability to move!
A starcursed mass splits. x2
You can move again.
You hit the starcursed mass.
The starcursed mass is lightly damaged.
You hit the starcursed mass but do no damage.
You hit the starcursed mass.
You hit the starcursed mass but do no damage.
The starcursed mass shudders and is absorbed by its neighbour. x2
The starcursed mass engulfs you!
You hit the starcursed mass but do no damage. x4
The starcursed mass barely misses you. The starcursed mass engulfs you!
* * * LOW HITPOINT WARNING * * *
The starcursed mass engulfs you but does no damage.
The starcursed mass engulfs you!
* * * LOW HITPOINT WARNING * * *
Your magical essence is drained by the effort!
You feel much better.
A deafening chorus of shrieks assaults your mind!
The starcursed mass engulfs you but does no damage.
The starcursed mass engulfs you. The starcursed mass closely misses you.
The starcursed mass barely misses you.
You hit the starcursed mass but do no damage. x3
You completely miss the starcursed mass.
You hit the starcursed mass but do no damage.
A deafening chorus of shrieks assaults your mind!
* * * LOW HITPOINT WARNING * * *
The starcursed mass completely misses you.
The starcursed mass engulfs you.
A starcursed mass splits.
The starcursed mass engulfs you!
You die...

##. . ######.
. .# .. ...
.... .. .
###.#......
#.. # # ..
##.#.. #
###.#.# #.#. .
## # .###.+ .
########....##
#
......X#X...#
#...X@X...#
......XX###.#
##......# .
+.....## ##
.......
.......
.#.#### ##


You could see 6 starcursed masses.

Vanquished Creatures
  An orc wizard (D:5)
  3 orcs (D:6)
4 creatures vanquished.

Vanquished Creatures (others)
  An orc priest (D:5)
  2 orcs (D:5)
3 creatures vanquished.

Grand Total: 7 creatures vanquished

Notes
Turn   | Place    | Note
-------+----------+-------------------------------------------
     0 | D:5      | EnegeticOcto the Deep Dwarf Delver began the quest for the
                  | Orb.
     0 | D:5      | Reached XP level 1. HP: 20/20 MP: 1/1
     7 | D:5      | Noticed an orc wizard
    12 | D:5      | Noticed an orc wizard
    24 | D:5      | Killed an orc priest
    34 | D:5      | HP: 1/20 [orc wizard/puff of frost (7)]
    40 | D:5      | Killed an orc wizard
    41 | D:5      | Reached skill level 3 in Axes
    41 | D:5      | Reached XP level 2. HP: 17/27 MP: 2/2
    65 | D:6      | Reached XP level 3. HP: 21/33 MP: 3/3
    68 | D:6      | Reached skill level 4 in Axes
    76 | D:6      | Cast into level 1 of the Abyss (orc wizard)
    76 | Abyss:1  | Found a corrupted altar of Lugonu.
   151 | Abyss:1  | Noticed a starcursed mass
   163 | Abyss:1  | Your magical essence is drained by the effort!
   163 | Abyss:1  | Paralysed by accursed screaming for 1 turns
   166 | Abyss:1  | Your magical essence is drained by the effort!
   167 | Abyss:1  | Slain by a starcursed mass

Illustrated notes

Levels and vault maps discovered:
D:5:      layout_basic, nicolae_qazlal_eye_of_the_storm, fiery_altar_vehumet,
          grunt_ministairs_14
D:6:      layout_gridville, nicolae_overflow_crystal_walls, temple_green,
          led_sif_book
Abyss:1:  base: D:5, minivault_11, hangedman_abyss_batty_box

Skill      XL: |  1  2  3 |
---------------+----------+-----
Axes           | 3 4 |  4.0
Fighting       | |  2.6
Dodging        | |  2.1
Stealth        | |  6.0

Action                   || total
-------------------------++-------
Melee: Hand axe          ||    32
 Abil: Heal Wounds       ||     6
  Use: Scroll            ||     2
Armor: Leather armour    ||    11
Dodge: Dodged            ||    16
